 Dungeon Crawl Stone Soup version 0.27-a0-421-g7ddf969dea (webtiles) character file.

Game seed: 3565756981674594346

33 sanka the Insei (level 3, 0/25 HPs)
             Began as a Vampire Transmuter on Feb 26, 2021.
             Slain by a goblin
             ... wielding a +0 dagger
              (1 damage)
             ... on level 2 of the Dungeon.
             The game lasted 00:01:55 (661 turns).

sanka the Insei (Vampire Transmuter)                 Turns: 661, Time: 00:01:56

Health: 0/25       AC:  2    Str:  9    XL:     3   Next: 12%
Magic:  0/6        EV: 12    Int: 15    God:
Gold:   37         SH:  0    Dex: 15    Spells: 5/6 levels left

rFire    . . .     SeeInvis +     - Unarmed
rCold    . . .     Faith    .   (no shield)
rNeg     . . .     Spirit   +   a - +0 robe
rPois    .         Reflect  .   (helmet currently unavailable)
rElec    .         Harm     .   (no cloak)
rCorr    .         Rampage  .   (no gloves)
Will     .....                  (boots currently unavailable)
Stlth    +.........             c - amulet of guardian spirit
HPRegen  0.28/turn              (no ring)
MPRegen  0.10/turn              (no ring)

@: appendages (expiring), regenerating quickly
A: fangs 3, horns 2, talons 2, see invisible, unbreathing
a: Exsanguinate, End Transformation


You were on level 2 of the Dungeon.
You had grown temporary horns.
You had grown temporary talons.
You visited 1 branch of the dungeon, and saw 2 of its levels.

You collected 37 gold pieces.


Innate Abilities, Weirdness & Mutations

Your natural rate of healing is unusually fast.
You have razor-sharp teeth.
You have supernaturally acute eyesight. (SInv)
You can survive without breathing.
You have a pair of horns on your head.
You have razor-sharp toenails.


   Skills:
 - Level 0.8 Fighting
 - Level 2.1 Dodging
 - Level 4.0 Unarmed Combat
 - Level 2.0 Spellcasting
 + Level 3.3 Transmutations


You had 5 spell levels left.
You knew the following spells:

 Your Spells              Type           Power        Failure   Level
z - Beastly Appendage     Tmut           22%          5%          1

Your spell library contained the following spells:

 Spells                   Type           Power        Failure   Level
 Wereblood                Tmut           11%          9%          2
 Spider Form              Tmut/Pois      3%           32%         3
 Ice Form                 Ice/Tmut       6%           73%         4
 Blade Hands              Tmut           5%           83%         5

Inventory:

Armour
 a - a +0 robe (worn)
Jewellery
 c - an amulet of guardian spirit (around neck)
Wands
 e - a wand of paralysis (7)
Scrolls
 b - a scroll of identify {unknown}
Potions
 d - a potion of flight {unknown}

Dungeon Overview and Level Annotations

Branches:
Dungeon (2/15)

Altars:

▒▒▒ .. g.▒ ▒▒▒▒▒.▒
.. ▒ ..... .. ^.
▒...▒▒▒ . ...
▒▒▒.▒.▒?▒.▒....
▒.[..g▒.▒......
▒.▒.V.gg....▒.
▒......▒▒†▒▒....
▒...▒▒▒.▒...▒.▒▒▒
▒.▒ ▒(....?....!▒ ▒.
....▒▒▒.▒w..▒.▒▒▒...
.▒.....▒▒£▒▒......▒
....▒...(.....▒....
▒......▒.▒........
▒▒▒..▒)▒?▒g▒......


You could see a hobgoblin and 2 goblins.


Message History

The ball python barely misses you.
* * * LOW HITPOINT WARNING * * *
The ball python constricts you.
You completely miss the ball python. You headbutt the ball python.
You kill the ball python!
The goblin shoots a stone.
The stone hits you.
* * * LOW HITPOINT WARNING * * *
Unknown command.
The goblin barely misses you.
The goblin unwields a +0 hunting sling.
The goblin closely misses you.
Things that are here:
an adder corpse; a bat corpse Unknown command.
You miss the goblin. You claw the goblin.
The goblin is severely wounded.
The goblin hits you with a +0 dagger.
* * * LOW HITPOINT WARNING * * *
The goblin wields a +0 hunting sling.
The goblin shoots a stone.
The stone hits you.
* * * LOW HITPOINT WARNING * * *
You hit the goblin. You claw the goblin.
The goblin is severely wounded.
The goblin hits you with a +0 dagger.
You die...

Action                   || total
-------------------------++-------
Melee: Unarmed           ||    53
       Kick              ||    10
       Bite              ||     4
       Headbutt          ||     4
       Punch             ||     1
 Cast: Beastly Appendage ||    14
Armor: Robe              ||    15
Dodge: Dodged            ||    56

Levels and vault maps discovered:
D:1:      roderic_chinese_lattice_arrival, layout_basic, hex_large,
          roderic_roman_lattice
D:2:      layout_rooms, chequers_ecumenical_altar_island,
          minmay_fractal_squares_5, uniq_jessica

Notes
Turn   | Place    | Note
-------+----------+-------------------------------------------
     0 | D:1      | sanka the Vampire Transmuter began the quest for the Orb.
     0 | D:1      | Reached XP level 1. HP: 14/14 MP: 3/3
   374 | D:1      | Reached skill level 4 in Unarmed Combat
   374 | D:1      | Reached XP level 2. HP: 19/20 MP: 3/5
   652 | D:2      | Reached skill level 3 in Transmutations
   652 | D:2      | Reached XP level 3. HP: 10/25 MP: 1/6
   659 | D:2      | HP: 1/25 [goblin/stone (4)]
   661 | D:2      | Slain by a goblin

Vanquished Creatures
  An adder (D:2)
  A dart slug (D:2)
  2 giant cockroaches
  2 goblins
  3 hobgoblins
  A ball python (D:2)
  3 bats
  4 frilled lizards
  4 kobolds
  2 rats
23 creatures vanquished.
